 Dungeon Sprint DCSS version 0.24.0-125-gc4c63601f3 (webtiles) character file.

Game seed: 7310914550522199589, levelgen mode: deterministic

37701 Groucho the Slingshot (level 14, -1/108 HPs)
             Began as a Halfling Wanderer on Feb 22, 2020.
             Was the Champion of Qazlal.
             Killed by the air
             ... invoked by a spriggan air mage
              (17 damage)
             ... in the Dungeon (Sprint V: "Ziggurat Sprint") on Feb 23, 2020.
             The game lasted 00:16:48 (3127 turns).

Groucho the Slingshot (Halfling Wanderer)           Turns: 3127, Time: 00:16:48

Health: -1/108     AC: 40    Str: 24    XL:     14   Next: 30%
Magic:  6/26       EV:  7    Int: 12    God:    Qazlal [******]
Gold:   0          SH: 43    Dex: 26    Spells: 13/13 levels left

rFire    . . .     SeeInvis +   n - +6 shillelagh "Devastator" {shatter}
rCold    . . .     Gourm    .   m - +18 shield of the Gong {rElec rN+ MR+ EV-5}
rNeg     + + .     Faith    +   l - +15 Maxwell's patent armour {-Cast -Tele rElec MR+ rCorr}
rPois    .         Spirit   .   u - +2 helmet {SInv}
rElec    +         Reflect  .   (no cloak)
rCorr    +         Harm     .   (no gloves)
MR       +++..     NoTele   +   (no boots) Stlth ..........NoCast +
                                L - amulet "Pyxkius" {Faith Dex+10}
HPRegen  0.00/turn              t - +6 ring of strength
MPRegen  0.20/turn              r - ring of Yvommesm {+Blink rN+ EV+3 Str+4 Stlth+}

@: protected from physical damage, studying 2 skills, repel missiles
A: small, mutation resistance 1, inhibited regeneration
a: Upheaval, Elemental Force, Disaster Area, Renounce Religion, Evoke Blink


You were in the Dungeon.
You worshipped Qazlal.
Qazlal was exalted by your worship.
You were not hungry.

You visited 1 branch

Inventory:

Hand Weapons
 c - a +5 fustibalus
 n - the +6 shillelagh "Devastator" (weapon) {shatter}
   (You found it in the Dungeon)
Missiles
 d - 988 sling bullets
Armour
 a - +5 gold dragon scales
 l - the +15 Maxwell's patent armour (worn) {-Cast -Tele rElec MR+ rCorr}
   (You found it in the Dungeon)

   It insulates you from electricity.
   It affects your resistance to hostile enchantments.
   It prevents spellcasting.
   It prevents most forms of teleportation.
   It provides partial protection from all sources of acid and corrosion.
 m - the +18 shield of the Gong (worn) {rElec rN+ MR+ EV-5}
   (You found it in the Dungeon)

   It affects your evasion (-5).
   It insulates you from electricity.
   It protects you from negative energy.
   It affects your resistance to hostile enchantments.
 u - a +2 helmet of see invisible (worn)
Jewellery
 o - an uncursed ring of flight
 p - the ring of Goemas {rPois MP+9}
   (You found it in the Dungeon)

   [ring of magical power]

   It protects you from poison.
   It affects your magic capacity (+9).
 r - the ring of Yvommesm (right hand) {+Blink rN+ EV+3 Str+4 Stlth+}
   (You found it in the Dungeon)

   [ring of evasion]

   It affects your evasion (+3).
   It affects your strength (+4).
   It protects you from negative energy.
   It lets you blink.
   It makes you more stealthy.
 t - a +6 ring of strength (left hand)
 K - the ring of Pyromania {rElec rN+ Str+3 SInv}
   (You found it in the Dungeon)

   [ring of strength]

   It affects your strength (+3).
   It insulates you from electricity.
   It protects you from negative energy.
   It lets you see invisible.
 L - the amulet "Pyxkius" (around neck) {Faith Dex+10}
   (You found it in the Dungeon)

   [amulet of faith]

   It allows you to gain divine favour quickly.
   It affects your dexterity (+10).
 M - the brooch of Shielding {Reflect SH+8}
   (You found it in the Dungeon)

   [amulet of reflection]

   It shields you and reflects attacks.
   It affects your SH (+8).
 N - an uncursed ring of resist corrosion
 O - a +2 ring of intelligence
Wands
 v - a wand of disintegration (7)
 w - a wand of iceblast (5)
 x - a wand of acid (7)
Scrolls
 k - 4 scrolls of blinking
 q - a scroll of brand weapon
 y - 4 scrolls of amnesia
 F - 7 scrolls of fog
 G - a scroll of holy word
 H - 5 scrolls of identify
 I - 5 scrolls of remove curse
 J - 2 scrolls of fear
Potions
 e - 10 potions of curing
 g - 11 potions of heal wounds
 h - 6 potions of haste
 i - 7 potions of magic
 j - 3 potions of berserk rage
 z - 2 potions of brilliance
 A - 2 potions of invisibility
 B - 4 potions of resistance
 C - a potion of experience
 D - 5 potions of agility
 E - 5 potions of might
Books
 b - a manual of Earth Magic
 s - a manual of Summonings
Comestibles
 f - 7 rations


   Skills:
 + Level 14.8 Fighting
   Level 1.0(2.2) Axes
 - Level 2.9(3.0) Maces & Flails
 + Level 21.1 Slings
   Level 3.2 Bows
 + Level 18.8 Armour
 + Level 17.5 Shields
 + Level 17.1 Invocations


You had 13 spell levels left.
You didn't know any spells.
Your spell library contained the following spells:

 Spells                   Type           Power        Failure   Level  Hunger
 Animate Skeleton         Necr           N/A          95%         1    ##.....
 Apportation              Tloc           #.....       95%         1    ##.....
 Beastly Appendage        Tmut           #.....       95%         1    ##.....
 Confusing Touch          Hex            #.....       95%         1    ##.....
 Flame Tongue             Conj/Fire      #....        95%         1    ##.....
 Shock                    Conj/Air       #...         95%         1    ##.....
 Sting                    Conj/Pois      #...         95%         1    ##.....
 Summon Small Mammal      Summ           #...         95%         1    ##.....
 Call Imp                 Summ           #.......     99%         2    ###....
 Corpse Rot               Necr           N/A          99%         2    ###....
 Ensorcelled Hibernation  Hex/Ice        #.....       99%         2    ###....
 Poisonous Vapours        Pois/Air       #.....       99%         2    ###....
 Sticks to Snakes         Tmut           #.......     99%         2    ###....
 Call Canine Familiar     Summ           #.......     100%        3    ####...
 Mephitic Cloud           Conj/Pois/Air  #.......     100%        3    ####...
 Ozocubu's Armour         Chrm/Ice       #.......     100%        3    ####...
 Spider Form              Tmut/Pois      #.........   100%        3    ####...
 Static Discharge         Conj/Air       #.......     100%        3    ####...
 Stone Arrow              Conj/Erth      #.....       100%        3    ####...
 Summon Guardian Golem    Hex/Summ       #.......     100%        3    ####...
 Cause Fear               Hex            #.........   100%        4    #####..
 Ice Form                 Ice/Tmut       #.......     100%        4    #####..
 Leda's Liquefaction      Hex/Erth       #.........   100%        4    #####..
 Summon Ice Beast         Ice/Summ       #.......     100%        4    #####..
 Summon Lightning Spire   Summ/Air       #.......     100%        4    #####..
 Throw Icicle             Conj/Ice       #.......     100%        4    #####..
 Blade Hands              Tmut           #.........   100%        5    ######.
 Bolt of Magma            Conj/Fire/Erth #.........   100%        5    ######.
 Borgnjor's Vile Clutch   Necr/Erth      #.........   100%        5    ######.
 Iskenderun's Battlesphe  Conj/Chrm      #.......     100%        5    ######.
 Lightning Bolt           Conj/Air       #.........   100%        5    ######.
 Silence                  Hex/Air        #.........   100%        5    ######.
 Summon Forest            Summ/Tloc      #.........   100%        5    ######.
 Venom Bolt               Conj/Pois      #.........   100%        5    ######.
 Bolt of Fire             Conj/Fire      #.........   100%        6    #######
 Darkness                 Hex            #.........   100%        6    #######
 Hydra Form               Tmut           #.........   100%        6    #######
 Iron Shot                Conj/Erth      #.........   100%        6    #######
 Shadow Creatures         Summ           N/A          100%        6    #######
 Dragon Form              Tmut           #.........   100%        7    #######
 Orb of Destruction       Conj           #.........   100%        7    #######
 Spellforged Servitor     Conj/Summ      #.........   100%        7    #######
 Summon Hydra             Summ           #.........   100%        7    #######
 Dragon's Call            Summ           #.........   100%        9    #######
 Tornado                  Air            #.........   100%        9    #######


Dungeon Overview and Level Annotations

Branches:
Dungeon (1/1)

Altars:
Ashenzari
Cheibriados
Dithmenos
Elyvilon
Fedhas
Gozag
Hepliaklqana
Kikubaaqudgha
Makhleb
Nemelex Xobeh
Okawaru
Qazlal
Ru
Sif Muna
Trog
Uskayaw
Vehumet
Wu Jian
Xom
Yredelemnul
Zin
The Shining One
Beogh
Jiyva
Lugonu

Annotations:
D 1 transporter


Innate Abilities, Weirdness & Mutations

You are small and have problems with some larger weapons.
You are somewhat resistant to further mutation.
You do not regenerate when monsters are visible.


Message History

The storm dragon is almost dead.
The blast of rubble hits the storm dragon!
The storm dragon is almost dead.
You float gracefully downwards.
The air elemental hits you but does no damage.
You block the air elemental's attack.
GONNNNG!
You block the air elemental's attack.
GONNNNG!
You block the air elemental's attack.
PANG!
You block the air elemental's attack.
PANG!
The air elemental hits you but does no damage.
You block the air elemental's attack.
BOUMMMMG!
The air elemental hits you but does no damage.
The spriggan air mage waves its arms in wide circles.
The air twists around and strikes you!
You die...

.....8©8.....▓...}.)=.=.
≈.≈}?.::)):[.▓..........
≈≈§}§)}≈[)≈..▓.....[....
▓.≈≈§.§≈.....§▓..........
▓.≈.[§§§†≈.≈..▓..........
▓.....§§..≈§§.▓..▓.....▓.
▓.........§§§.▓.▓▓▓...▓▓▓
▓.≈≈≈§§i§§§§§§▓..▓.....▓.
▓.≈§....@E§.§§▓.....©....
▓.≈▓...ED§§▓§.▓▓▓▓▓▓▓▓▓▓▓
▓....≈§E..≈.§.▓....8©8...
▓.≈≈≈§§≈§.§≈≈.▓..))..|.).
▓≈≈.≈§≈§..≈≈≈.▓...[)|.}..
▓▓▓▓▓▓▓▓▓▓▓▓▓▓▓..........
▓.......... ▓..........
▓..........


You could see a storm dragon, a spriggan air mage and 3 air elementals.

Vanquished Creatures
  A lich (D)
  An acid blob (D)
  2 shadow dragons (D)
  3 stone giants (D)
  4 great orbs of eyes (D)
  9 vault guards (D)
  2 spriggan air magi (D)
  7 two-headed ogres (D)
  2 wretched stars (D)
  A skeletal warrior (D)
  A spriggan druid (D)
  A glowing orange brain (D)
  3 shining eyes (D)
  4 draconians (D)
  An eye of devastation (D)
  3 smoke demons (D)
  A yaktaur (D)
  3 freezing wraiths (D)
  An ancient zyme (D)
  4 wind drakes (D)
  4 slime creatures (D)
  A shadow (D)
  An air elemental (D)
  4 spriggans (D)
  A golden eye (D)
  4 small abominations (D)
  4 insubstantial wisps (D)
  A large abomination (D)
  A floating eye (D)
  2 ice beasts (D)
  An eye of draining (D)
  4 black bears (D)
  An ogre (D)
  3 phantoms (D)
  A necrophage (D)
  3 wolves (D)
  2 quasits (D)
  6 starcursed masses (D)
  7 jellies (D)
  2 iron imps (D)
  2 shadow imps (D)
  4 white imps (D)
  5 oozes (D)
  2 adder skeletons (D)
  6 adder zombies (D)
  A spectral bat (D)
  5 bat skeletons (D)
  6 bat zombies (D)
  A ball python skeleton (D)
  2 ball python zombies (D)
  A jackal skeleton (D)
  A leopard gecko skeleton (D)
  A quokka zombie (D)
  A spectral leopard gecko (D)
145 creatures vanquished.

Vanquished Creatures (others)
  A spriggan air mage (D)
1 creature vanquished.

Grand Total: 146 creatures vanquished

Notes
Turn   | Place    | Note
-------+----------+-------------------------------------------
     0 | D        | Groucho the Halfling Wanderer began the quest for the Orb.
     0 | D        | Groucho set off with the following items: a +2 shortbow, 22
                  | arrows, a +0 hand axe, a +0 ring mail, a potion of curing,
                  | a ration, a potion of heal wounds, a potion of haste, 2
                  | potions of magic, a potion of berserk rage, a scroll of
                  | blinking
     0 | D        | Reached XP level 1. HP: 13/13 MP: 1/1
    13 | D        | Found a blossoming altar of Fedhas.
    14 | D        | Found the +6 Majin-Bo {vamp, Archmagi MP+6 Int+6}
    14 | D        | Found the +7 great mace "Firestarter" {inner flame, rF++}
    14 | D        | Found a viscous altar of Jiyva.
    14 | D        | Found a transporter.
    14 | D        | Found a hazy altar of Hepliaklqana.
    14 | D        | Found an ancient bone altar of Kikubaaqudgha.
    14 | D        | Found an opulent altar of Gozag.
    14 | D        | Found a corrupted altar of Lugonu.
    23 | D        | Found a burning altar of Makhleb.
    24 | D        | Found a stormy altar of Qazlal.
    24 | D        | Found a sacrificial altar of Ru.
    24 | D        | Found an iron altar of Okawaru.
    24 | D        | Found a shimmering blue altar of Sif Muna.
    24 | D        | Found a sparkling altar of Nemelex Xobeh.
    24 | D        | Found a bloodstained altar of Trog.
    32 | D        | Found the +9 heavy crossbow "Sniper" {velocity, Acc+∞ SInv}
    32 | D        | Found the +10 dark maul {crush}
    32 | D        | Found the +15 Maxwell's patent armour {-Cast -Tele rElec
                  | MR+ rCorr}
    32 | D        | Found the +18 shield of the Gong {rElec rN+ MR+ EV-5}
    32 | D        | Found the cursed +14 obsidian axe {chop, +Fly SInv *Curse}
    34 | D        | Found the +6 shillelagh "Devastator" {shatter}
    34 | D        | Found the +11 plutonium sword {*Contam Stlth-}
    34 | D        | Found the +8 lance "Wyrmbane" {slay drac, rPois rF+ rC+
                  | AC+3}
    34 | D        | Found the +9 sword of Zonguldrok {reap}
    34 | D        | Found the cursed +13 scythe of Curses {drain, *Curse}
    34 | D        | Found the +0 sword of Power
    34 | D        | Found the +7 mace of Variability {chain chaos}
    34 | D        | Found the +7 Singing Sword {slice, sonic wave}
    34 | D        | Found the +8 storm bow {elec, penet}
    89 | D        | Became a worshipper of Qazlal Stormbringer
   102 | D        | Entered arena 2.
   102 | D        | Noticed an eye of draining
   102 | D        | Noticed a jelly
   102 | D        | Found a transporter.
   106 | D        | Killed a jelly
   106 | D        | Reached XP level 2. HP: 16/18 MP: 0/2
   106 | D        | Reached XP level 3. HP: 21/23 MP: 0/3
   110 | D        | Killed an eye of draining
   110 | D        | Reached XP level 4. HP: 27/29 MP: 0/4
   110 | D        | Reached XP level 5. HP: 32/34 MP: 0/5
   369 | D        | Entered arena 3.
   369 | D        | Noticed a wolf
   369 | D        | Noticed a spriggan
   369 | D        | Noticed a spriggan
   369 | D        | Found a transporter.
   380 | D        | Killed a spriggan
   380 | D        | Reached * piety under Qazlal
   380 | D        | Reached skill level 4 in Slings
   380 | D        | Reached skill level 10 in Armour
   380 | D        | Reached skill level 5 in Shields
   380 | D        | Reached XP level 6. HP: 41/42 MP: 5/8
   384 | D        | Killed a wolf
   384 | D        | Reached skill level 5 in Slings
   384 | D        | Killed a spriggan
   384 | D        | Reached skill level 5 in Fighting
   384 | D        | Reached skill level 7 in Slings
   384 | D        | Reached skill level 5 in Invocations
   384 | D        | Reached XP level 7. HP: 49/50 MP: 5/11
   606 | D        | Entered arena 4.
   606 | D        | Noticed a draconian
   606 | D        | Noticed a draconian
   606 | D        | Noticed a draconian
   606 | D        | Noticed a draconian
   606 | D        | Found a transporter.
   615 | D        | Killed a draconian
   615 | D        | Reached ** piety under Qazlal
   615 | D        | Reached skill level 8 in Slings
   615 | D        | Reached XP level 8. HP: 57/57 MP: 11/13
   616 | D        | Killed a draconian
   616 | D        | Reached skill level 9 in Slings
   618 | D        | Killed a draconian
   618 | D        | Reached skill level 10 in Slings
   618 | D        | Reached XP level 9. HP: 64/64 MP: 11/15
   631 | D        | Killed a draconian
   631 | D        | Reached *** piety under Qazlal
   631 | D        | Reached skill level 11 in Slings
   644 | D        | Got the ring of Goemas {rPois MP+9}
   652 | D        | Entered arena 5.
   652 | D        | Found a transporter.
   655 | D        | Reached skill level 10 in Shields
   961 | D        | Entered arena 6.
   961 | D        | Found a transporter.
   962 | D        | Reached **** piety under Qazlal
   982 | D        | Entered arena 7.
   985 | D        | Reached ***** piety under Qazlal
   989 | D        | Found a transporter.
   997 | D        | Got the Grimoire of Cold and Envenoming
  1179 | D        | Entered arena 8.
  1185 | D        | Found a transporter.
  1194 | D        | Got the ring of Yvommesm {+Blink rN+ EV+3 Str+4 Stlth+}
  1206 | D        | Entered arena 9.
  1206 | D        | Noticed a smoke demon
  1206 | D        | Noticed a wretched star
  1207 | D        | Found the +10 large shield of Ignorance {rN+ Int-4}
  1207 | D        | Reached skill level 12 in Slings
  1210 | D        | Killed a smoke demon
  1210 | D        | Reached ****** piety under Qazlal
  1210 | D        | Reached XP level 10. HP: 56/73 MP: 4/17
  1224 | D        | Killed a wretched star
  1224 | D        | Reached skill level 10 in Invocations
  1227 | D        | Found a transporter.
  1405 | D        | Entered arena 10.
  1405 | D        | Noticed a two-headed ogre
  1405 | D        | Noticed a two-headed ogre
  1405 | D        | Noticed a two-headed ogre
  1405 | D        | Noticed a two-headed ogre
  1405 | D        | Noticed a two-headed ogre
  1405 | D        | Noticed a two-headed ogre
  1405 | D        | Noticed a two-headed ogre
  1407 | D        | Reached skill level 13 in Slings
  1408 | D        | Killed a two-headed ogre
  1409 | D        | Found a transporter.
  1410 | D        | Killed a two-headed ogre
  1412 | D        | Killed a two-headed ogre
  1412 | D        | Reached skill level 14 in Slings
  1412 | D        | Reached XP level 11. HP: 81/81 MP: 3/19
  1414 | D        | Killed a two-headed ogre
  1414 | D        | Reached skill level 10 in Fighting
  1414 | D        | Killed a two-headed ogre
  1416 | D        | Killed a two-headed ogre
  1416 | D        | Reached skill level 15 in Slings
  1417 | D        | Killed a two-headed ogre
  1582 | D        | Got the ring of Pyromania {rElec rN+ Str+3 SInv}
  1586 | D        | Entered arena 11.
  1586 | D        | Noticed a spriggan druid
  1589 | D        | Reached skill level 15 in Armour
  1594 | D        | Killed a spriggan druid
  1595 | D        | Found a transporter.
  1697 | D        | Entered arena 12.
  1697 | D        | Noticed a great orb of eyes
  1697 | D        | Noticed a great orb of eyes
  1698 | D        | Noticed a great orb of eyes
  1700 | D        | Killed a great orb of eyes
  1700 | D        | Reached skill level 16 in Slings
  1705 | D        | Killed a great orb of eyes
  1705 | D        | Reached XP level 12. HP: 90/90 MP: 13/21
  1706 | D        | Killed a great orb of eyes
  1714 | D        | Found a transporter.
  1744 | D        | Entered arena 13.
  1744 | D        | Noticed a shadow dragon
  1766 | D        | Killed a shadow dragon
  1766 | D        | Reached skill level 17 in Slings
  2088 | D        | Found a transporter.
  2096 | D        | Got the amulet "Pyxkius" {Faith Dex+10}
  2117 | D        | Got the Disquisition on Poisoning and Air
  2119 | D        | Entered arena 14.
  2119 | D        | Noticed a glowing orange brain
  2119 | D        | Noticed a great orb of eyes
  2122 | D        | Noticed an acid blob
  2127 | D        | Killed a great orb of eyes
  2129 | D        | Killed an acid blob
  2130 | D        | Gained mutation: You do not regenerate when monsters are
                  | visible. [a shining eye]
  2132 | D        | Killed a glowing orange brain
  2132 | D        | Reached skill level 18 in Slings
  2132 | D        | Reached skill level 15 in Shields
  2143 | D        | Found a transporter.
  2199 | D        | Entered arena 15.
  2199 | D        | Noticed a starcursed mass
  2201 | D        | Noticed a wretched star
  2206 | D        | Reached XP level 13. HP: 78/98 MP: 22/24
  2212 | D        | Paralysed by accursed screaming for 1 turns
  2609 | D        | Found a transporter.
  2638 | D        | Entered arena 16.
  2640 | D        | Found the brooch of Shielding {Reflect SH+8}
  2640 | D        | Reached skill level 15 in Invocations
  2778 | D        | Found a transporter.
  2802 | D        | Entered arena 17.
  2804 | D        | Noticed a shadow dragon
  2804 | D        | Noticed a vault guard
  2804 | D        | Noticed a stone giant
  2804 | D        | Noticed a vault guard
  2804 | D        | Noticed a vault guard
  2804 | D        | Noticed a stone giant
  2804 | D        | Noticed a vault guard
  2805 | D        | Noticed a lich
  2805 | D        | Noticed a stone giant
  2805 | D        | Noticed a vault guard
  2805 | D        | Noticed a vault guard
  2805 | D        | Identified the +1 whip of Execution {drain, +Fly Stlth+}
  2805 | D        | Noticed a vault guard
  2806 | D        | Killed a vault guard
  2806 | D        | Reached skill level 19 in Slings
  2806 | D        | Killed a vault guard
  2806 | D        | Noticed a vault guard
  2807 | D        | Killed a stone giant
  2807 | D        | Killed a stone giant
  2807 | D        | Killed a vault guard
  2807 | D        | Killed a stone giant
  2807 | D        | Killed a vault guard
  2808 | D        | Killed a lich
  2808 | D        | Reached skill level 20 in Slings
  2808 | D        | Killed a vault guard
  2808 | D        | Killed a vault guard
  2808 | D        | Killed a vault guard
  2808 | D        | Reached XP level 14. HP: 96/108 MP: 13/26
  2815 | D        | Killed a shadow dragon
  2840 | D        | Found a transporter.
  3119 | D        | Entered arena 18.
  3121 | D        | Noticed a storm dragon
  3123 | D        | Reached skill level 21 in Slings
  3124 | D        | Found a transporter.
  3127 | D        | Killed from afar by a spriggan air mage

Levels and vault maps discovered:
D:        sprint_v [room_start, room_1, room_2, room_3, room_4, room_5, room_6,
          room_7, room_8, room_9, room_10, room_11, room_12, room_13, room_14,
          room_15, room_16, room_17, room_18, room_19, room_20, room_21,
          room_22, room_23, room_24, room_25, room_26, room_27]

Skill      XL: |  1  2  3  4  5  6  7  8  9 10 11 12 13 14 |
---------------+-------------------------------------------+-----
Armour         | 6 9 10 11 12 13 14 15 16 18 | 18.8
Shields        | 3 4 5 7 8 9 10 12 13 15 16 17 | 17.5
Maces & Flails | 2 |  2.9
Fighting       | 3 5 6 7 8 9 11 12 14 | 14.8
Slings         | 4 7 8 10 12 14 16 18 20 21 | 21.1
Invocations    | 3 5 6 8 9 11 13 14 16 17 | 17.1
Axes           | |  1.0
Bows           | |  3.2

Action                   |  1- 3 |  4- 6 |  7- 9 | 10-12 | 13-15 || total
-------------------------+-------+-------+-------+-------+-------++-------
Melee: Shillelagh        |     7 |    14 |    36 |    63 |    21 ||   141
 Fire: Fustibalus        |       |       |       |    23 |    12 ||    35
Invok: Upheaval          |       |       |    10 |     6 |     2 ||    18
       Disaster Area     |       |       |       |     4 |     9 ||    13
Evoke: Wand              |       |       |     2 |       |       ||     2
  Use: Potion            |       |       |       |       |     3 ||     3
  Eat: Ration            |       |       |       |     1 |     1 ||     2
Armor: Plate armour      |     1 |    14 |    13 |    19 |    20 ||    67
Dodge: Dodged            |       |       |     4 |     5 |     3 ||    12
Block: Shield            |     2 |    37 |    67 |    97 |    54 ||   257
